 Dungeon Crawl Stone Soup version 0.25-a0-565-g8875c97ebb (webtiles) character file.

Game seed: 6450711995577633447, levelgen mode: deterministic

76417 drasked the Executioner (level 15, -4/135 HPs)
             Began as a Minotaur Berserker on Feb 26, 2020.
             Was an Elder of Trog.
             Slain by a sun demon (13 damage)
             ... summoned by an orc sorcerer
             ... while paralysed by an orc sorcerer
             ... on level 2 of the Orcish Mines.
             The game lasted 00:53:12 (28601 turns).

drasked the Executioner (Minotaur Berserker)       Turns: 28601, Time: 00:53:13

Health: -4/135     AC: 20    Str: 24    XL:     15   Next: 12%
Magic:  14/14      EV:  2    Int:  8    God:    Trog [****..]
Gold:   2527       SH:  0    Dex: 10    Spells: 14/14 levels left

rFire    . . .     SeeInvis .   K - +5 executioner's axe (vorpal)
rCold    . . .     Gourm    +   (shield currently unavailable)
rNeg     . . .     Faith    .   r - +0 chain mail
rPois    +         Spirit   .   (helmet restricted)
rElec    .         Reflect  .   N - +0 cloak
rCorr    .         Harm     .   I - +2 pair of gloves
MR       +....                  x - +0 pair of boots
Stlth    ..........             y - amulet of the gourmand {Gourm, !d}
HPRegen  0.32/turn              S - +2 ring of evasion
MPRegen  0.14/turn              P - ring of poison resistance {rPois, !d}

@: paralysed
A: retaliatory headbutt, horns 2
a: Berserk, Trog's Hand, Brothers in Arms, Renounce Religion


You were on level 2 of the Orcish Mines.
You worshipped Trog.
Trog was greatly pleased with you.
You were completely stuffed.

You visited 3 branches of the dungeon, and saw 22 of its levels.
You also visited: Sewer and Ossuary.

You collected 2647 gold pieces.
You spent 120 gold pieces at shops.

Inventory:

Hand Weapons
 K - a +5 vorpal executioner's axe (weapon)
   (Trog gifted it to you on level 6 of the Dungeon)
 Y - a +5 battleaxe of flaming
   (Trog gifted it to you on level 6 of the Lair of Beasts)
Missiles
 a - 12 javelins
 b - 8 throwing nets {=f, !d=f}
 O - 15 poisoned darts (quivered)
 R - 4 curare-tipped darts
Armour
 r - a +0 chain mail (worn)
   (You found it on level 1 of the Dungeon)
 x - a +0 pair of boots (worn)
   (You found it on level 7 of the Dungeon)
 I - a +2 pair of gloves (worn)
   (You found it on level 8 of the Dungeon)
 N - a +0 cloak (worn)
   (You found it on level 10 of the Dungeon)
Jewellery
 y - an amulet of the gourmand (around neck) {Gourm, !d}
   (You found it on level 4 of the Dungeon)
 P - a ring of poison resistance (right hand) {rPois, !d}
   (You found it on level 6 of the Lair of Beasts)
 S - a +2 ring of evasion (left hand)
   (You found it on level 5 of the Lair of Beasts)
Wands
 j - a wand of disintegration (24)
   (You found it on level 9 of the Dungeon)
 B - a wand of polymorph (9)
   (You found it on level 6 of the Dungeon)
 D - a wand of digging (5)
   (You found it on level 8 of the Dungeon)
 L - a wand of iceblast (19)
   (You found it on level 8 of the Dungeon)
 M - a wand of enslavement (18)
   (You found it on level 8 of the Dungeon)
 T - a wand of paralysis (17)
   (You found it on level 14 of the Dungeon)
Scrolls
 c - 4 scrolls of immolation {!r!r}
 f - 2 scrolls of fog
 g - 3 scrolls of fear
 i - 7 scrolls of identify
 k - 2 scrolls of enchant weapon
 m - 2 scrolls of enchant armour
 o - 2 scrolls of magic mapping {!r!r}
 t - 8 scrolls of teleportation
 w - 5 scrolls of remove curse
 z - a scroll of brand weapon
 H - a scroll of silence
Potions
 d - 3 potions of might
 h - 5 potions of haste
 l - 2 potions of heal wounds
 n - a potion of resistance
 q - 18 potions of curing
 s - 5 potions of flight
 u - 3 potions of mutation {!q!q}
 v - 8 potions of ambrosia
 A - 3 potions of lignification {!q!q}
 C - 2 potions of stabbing
 E - a potion of cancellation
 F - 2 potions of invisibility
 J - 6 potions of brilliance
 V - a potion of berserk rage {!q!q}
Miscellaneous
 X - a fan of gales
   (You found it on level 6 of the Lair of Beasts)
Comestibles
 e - 41 rations
 p - 4 chunks of flesh {@w0}


   Skills:
 + Level 13.0 Fighting
 * Level 22.8 Axes
 + Level 15.1 Armour
 - Level 2.1 Dodging


You had 14 spell levels left.
You didn't know any spells.
Your spell library was empty.

Dungeon Overview and Level Annotations

Branches:
Dungeon (14/15)            Temple (0/1) D:6            Lair (6/6) D:10
 Shoals (0/4) Lair:3        Snake (0/4) Lair:4        Slime (0/5) Lair:6
    Orc (2/2) D:9             Elf (0/3) Orc:2        Vaults (0/5) D:13
  Sewer (visited)         Ossuary (visited)

Altars:
Cheibriados
Dithmenos
Elyvilon
Gozag
Kikubaaqudgha
Makhleb
Okawaru
Vehumet
Wu Jian
Xom
Yredelemnul
Zin
The Shining One
Jiyva

Shops:
D:7 (   D:12 =

Annotations:
Lair:1 exclusion: oklob plant
Lair:4 exclusion: oklob plant
Orc:2 Rupert


Innate Abilities, Weirdness & Mutations

You reflexively headbutt those who attack you in melee.
You have a pair of horns on your head.


Message History

a - 9 javelins (gained 1)
a - 11 javelins (gained 2)
a - 12 javelins (gained 1)
There is a stone staircase leading down here.
There is a stone staircase leading down here.
Eating one of 3 chunks of flesh {@w0}.
You eat one of the 3 chunks of flesh {@w0}.
This raw flesh tastes great.
A troll comes into view.
A troll is nearby!
A troll is nearby!
A troll is nearby!
Throwing (i - inventory. (/) - cycle)
O - 16 poisoned darts (quivered)
Aim: a troll You throw a poisoned dart.
The poisoned dart hits the troll.
The troll is poisoned.
You slash the troll! The troll misses you. You furiously retaliate!
You headbutt the troll. The troll claws you but does no damage.
The troll claws you.
You barely miss the troll. The troll bites you. The troll claws you.
The troll barely misses you.
You slice the troll!!
You kill the troll!
The troll leather armour is intact enough to wear.
No target in view!
No target in view!
Things that are here:
a +0 troll leather armour {regenregen}; a troll corpse You start resting.
You butcher the troll corpse.
p - 6 chunks of flesh {@w0} (gained 4)
Things that are here:
a +0 troll leather armour {regenregen}; a troll skeleton
Things that are here:
a +0 troll leather armour {regenregen}; a troll skeleton Some of the chunks of flesh in your inventory have rotted away.
Done exploring.
Done exploring.
Done exploring.
Done exploring.
Done exploring.
There is a stone staircase leading down here.
You climb downwards.
You feel an oppressive heat about you.
There is an entrance to a volcano on this level.
Hurry and find it before the entrance collapses!
An orc, an orc warrior, an orc wizard and an ogre come into view.
The orc warrior shouts!
The orc shouts!
The orc wizard shouts!
The ogre shouts!
Found 43 gold pieces.
Found a staircase to the Elven Halls.
There is a stone staircase leading up here.
An orc comes into view. It is wielding a +0 mace.
The orc shouts!
The orc moves out of view.
You slice the orc!!
You kill the orc!
An orc sorcerer comes into view.
It is wielding a +0 dagger and wearing a +2 robe of magic resistance.
The orc sorcerer shouts!
The orc warrior closely misses you.
Things that are here:
a +0 hand axe; a cursed +0 ring mail You slice the orc warrior!!
Rupert the Wild comes into view.
He is wielding a +2 great mace of protection.
You closely miss the orc wizard. You closely miss the orc warrior.
Rupert shouts!
You hear a shout!
The orc sorcerer casts a spell.
An orc priest comes into view. It is wielding a +0 mace.
The orc wizard misses you. You furiously retaliate!
You headbutt the orc wizard!
The orc warrior hits you with a +0 hand axe!
You slash the orc wizard!
You kill the orc wizard!
You hit the orc. You closely miss the orc warrior.
The orc hits you with a +0 mace.
The orc warrior hits you but does no damage.
The ogre hits you with a +0 giant club!
The orc sorcerer points at you and mumbles some strange words.
The bolt of fire misses you.
You cut the orc warrior into ribbons!!!
You kill the orc warrior!
You hit the ogre. You slice the orc!!
You kill the orc!
The orc sorcerer casts a spell at you.
You suddenly lose the ability to move!
The ogre hits you with a +0 giant club.
The orc sorcerer casts a spell.
The ogre hits you but does no damage. The sun demon hits you!
You are engulfed in flames!!
* * * LOW HITPOINT WARNING * * *
The sun demon hits you!
* * * LOW HITPOINT WARNING * * *
You are engulfed in flames!
* * * LOW HITPOINT WARNING * * *
The ogre hits you with a +0 giant club!
* * * LOW HITPOINT WARNING * * *
The orc priest hits you with a +0 mace.
* * * LOW HITPOINT WARNING * * *
The sixfirhy hits you.
* * * LOW HITPOINT WARNING * * *
The sixfirhy shocks you!
* * * LOW HITPOINT WARNING * * *
The sun demon hits you!
You die...

......... ...
........$## ...#
..........##....
................
.......#........
...$....o....#..
.........)..$...
.....@O33..#
......o@)..#..#
#......<......8.
................
................
................
..............#.
.......#......>#
.......##......#
......# ##....


You could see Rupert, a sun demon, a sixfirhy, an orc sorcerer, an ogre and an
orc priest.

Levels and vault maps discovered:
D:1:      dpeg_arrival_short_road, layout_loops_ring
D:2:      lemuel_upstairs_altar, layout_rooms, marbit_many_paths, minitemple
D:3:      layout_basic, lemuel_round_altar, gup_sewer_entry_pipe,
          chequers_serial_rivers_micro_e
D:4:      layout_basic, first_ration, nzn_random_ring, uniq_natasha
D:5:      layout_rooms, lemuel_coloured_pillars_altar
D:6:      lemuel_castle_with_subvaults [lemuel_castle_interior_carwin_2],
          layout_loops_ring, minmay_temple_entry_purple_smoke,
          gup_ossuary_entry_pyramid, minmay_gold_behind_fungi,
          eino_small_chamber_without_monster, okawaru_metal_pillars_1_2
D:7:      layout_loops_ring, serial_shops, shop
D:8:      layout_rooms, elyvilon_altar_5, kennysheep_mini_moat
D:9:      layout_roguey, chequers_temple_overflow_statue_of_worship,
          tso_metal_star, orc_0_dummy, blue_anna_alchemist
          [blue_anna_fruit_fields, blue_anna_fruit_fields], grunt_ministairs_8,
          uniq_gastronok, uniq_joseph, uniq_harold
D:10:     layout_gridville, david_lair_shrubbed, gammafunk_ghost_spectres,
          hangedman_abyss_or_decor_stagger, uniq_nergalle, uniq_sonja
D:11:     layout_basic, fountainhead, uniq_grum
D:12:     layout_gridville, serial_shops, nicolae_shop_statue_plus,
          kb_lookout_dungeons_type
D:13:     kennysheep_seaside_town, layout_layer_cave,
          lightli_vaults_fourway_checkpoint
D:14:     layout_loops_ring, minmay_misc_feat_rows
Lair:1:   beast_lair_carwin_large_3, layout_gridlike, basic_altar,
          minmay_lair_oklob_chamber
Lair:2:   layout_chaotic_city, guppyfry_lair_drakes, grunt_megastairs_1,
          uniq_erica
Lair:3:   layout_cave_pods, elwin_shoals_entry_rocks, grunt_megastairs_5,
          serial_bayou_shore_a, infiniplex_staircase_pool, uniq_prince_ribbit2
Lair:4:   layout_big_grid, guppyfry_snake_entry_garden, patterned_corridor
Lair:5:   layout_roguey, grunt_megastairs_2, lemuel_fruit_tree
Lair:6:   evilmike_catoblepas_cave, layout_regular_city, slime_altar_1,
          st_stairs_5, grunt_megastairs_3
Orc:1:    layout_diamond_mine, uniq_urug
Orc:2:    pf_orc_diabolical, layout_caves, serial_shops,
          nicolae_shop_statue_plus, enter_volcano_4, uniq_rupert

Notes
Turn   | Place    | Note
-------+----------+-------------------------------------------
     0 | D:1      | drasked the Minotaur Berserker began the quest for the Orb.
     0 | D:1      | Reached XP level 1. HP: 19/19 MP: 0/0
   237 | D:1      | Identified a +0 club
   243 | D:1      | Identified a +0 club
   246 | D:1      | Reached skill level 4 in Axes
   302 | D:1      | Identified a +0 pair of gloves (You found it on level 1 of
                  | the Dungeon)
   312 | D:1      | Identified a +0 chain mail (You found it on level 1 of the
                  | Dungeon)
   402 | D:1      | Identified a +0 club
   471 | D:1      | Reached XP level 2. HP: 27/27 MP: 1/1
   647 | D:2      | Found a glowing silver altar of Zin.
   647 | D:2      | Identified a +0 club
   650 | D:2      | Reached skill level 4 in Fighting
   700 | D:2      | Reached XP level 3. HP: 33/33 MP: 2/2
   713 | D:2      | Identified a +0 club
   713 | D:2      | Identified a cursed -1 club
   717 | D:2      | Identified a cursed -3 club
   779 | D:2      | Reached ** piety under Trog
   868 | D:2      | Identified a +0 flail
   868 | D:2      | Identified a +0 halberd
   870 | D:2      | Identified a +0 whip
   874 | D:2      | Reached skill level 5 in Axes
   884 | D:2      | Reached XP level 4. HP: 32/41 MP: 3/3
  1028 | D:2      | Identified a +0 club
  1051 | D:2      | Found an opulent altar of Gozag.
  1055 | D:2      | Identified a +0 club
  1118 | D:2      | Identified a +0 club
  1229 | D:2      | Found a shadowy altar of Dithmenos.
  1363 | D:3      | Identified a +0 club
  1364 | D:3      | Identified a +0 club
  1405 | D:3      | Found a radiant altar of Vehumet.
  1405 | D:3      | Identified a +0 club
  1406 | D:3      | Identified a +0 dagger
  1458 | D:3      | Identified a +0 dagger
  1740 | D:3      | Identified a +0 club
  1740 | D:3      | Identified a +0 ring mail
  1751 | D:3      | Identified a +0 dagger
  1751 | D:3      | Identified a +0 hunting sling
  1805 | D:3      | Found a glowing drain.
  1818 | Sewer    | Entered a sewer
  1825 | Sewer    | Reached skill level 6 in Axes
  1877 | Sewer    | Identified a +0 dagger
  1877 | Sewer    | Identified a +0 whip
  1877 | Sewer    | Noticed a big kobold
  1890 | Sewer    | Reached *** piety under Trog
  1896 | Sewer    | Killed a big kobold
  1896 | Sewer    | Reached skill level 5 in Fighting
  1896 | Sewer    | Reached XP level 5. HP: 43/48 MP: 4/4
  1948 | Sewer    | Found a glowing silver altar of Zin.
  1989 | Sewer    | Identified 8 scrolls of identify
  1989 | Sewer    | Identified a potion of degeneration
  1990 | Sewer    | Identified 2 potions of flight
  1991 | Sewer    | Identified 2 potions of mutation
  1992 | Sewer    | Identified a potion of curing
  2149 | D:3      | Identified a ring of flight (You found it on level 2 of the
                  | Dungeon)
  2150 | D:3      | Identified a potion of ambrosia
  2250 | D:4      | Identified a +0 hand axe
  2250 | D:4      | Identified a +0 ring mail
  2252 | D:4      | Identified a +0 trident
  2259 | D:4      | Identified a +0 dagger
  2263 | D:4      | Reached skill level 7 in Axes
  2263 | D:4      | Reached XP level 6. HP: 38/56 MP: 5/5
  2266 | D:4      | Identified a +0 flail
  2266 | D:4      | Identified a +0 leather armour
  2592 | D:4      | Identified a +0 giant spiked club
  2709 | D:4      | Identified a +0 hand axe
  2709 | D:4      | Identified a +0 ring mail
  2719 | D:4      | Reached skill level 6 in Fighting
  2719 | D:4      | Reached skill level 8 in Axes
  2797 | D:4      | Reached XP level 7. HP: 54/63 MP: 6/6
  3002 | D:4      | Noticed Natasha
  3009 | D:4      | Killed Natasha
  3066 | D:4      | Identified a cursed -2 spear
  3067 | D:4      | Identified a +0 flail
  3082 | D:4      | Identified a +0 spear
  3372 | D:4      | Identified a +0 dagger
  3372 | D:4      | Identified a +0 leather armour
  3374 | D:4      | Identified a +0 flail
  3377 | D:4      | Identified a +0 whip
  3558 | D:4      | Noticed a yak
  3567 | D:4      | Killed a yak
  3567 | D:4      | Reached skill level 7 in Fighting
  3567 | D:4      | Reached skill level 9 in Axes
  3908 | D:5      | Entered Level 5 of the Dungeon
  3908 | D:5      | Identified a +0 shortbow
  3984 | D:5      | Reached XP level 8. HP: 53/73 MP: 7/7
  4249 | D:5      | Reached skill level 10 in Axes
  4287 | D:5      | Found an ornate altar of the Wu Jian Council.
  4383 | D:5      | Reached **** piety under Trog
  4462 | D:5      | Identified a +0 club
  4465 | D:5      | Identified a +1 trident of freezing
  4857 | D:6      | Identified a +0 whip
  4859 | D:6      | Identified a +0 spear
  4859 | D:6      | Identified a cursed -2 spear
  4950 | D:6      | Identified a +0 flail
  4950 | D:6      | Identified a +0 flail
  4997 | D:6      | Identified a +0 whip
  4998 | D:6      | Identified a +0 halberd
  4999 | D:6      | Identified a +0 halberd
  5030 | D:6      | Found a staircase to the Ecumenical Temple.
  5040 | D:6      | Identified a +0 club
  5047 | D:6      | Identified a +0 flail
  5047 | D:6      | Identified a +0 chain mail
  5050 | D:6      | Identified a +0 club
  5059 | D:6      | Identified a +0 shortbow
  5071 | D:6      | Reached skill level 8 in Fighting
  5080 | D:6      | Reached skill level 11 in Axes
  5090 | D:6      | Found a sand-covered staircase.
  5117 | Ossuary  | Entered an ossuary
  5672 | D:6      | Found an iron altar of Okawaru.
  5841 | D:6      | Identified a +2 vampiric spear
  5842 | D:6      | Identified a +0 flail
  5844 | D:6      | Identified a +0 giant club
  5858 | D:6      | Identified a cursed +0 club
  5858 | D:6      | Identified a +0 ring mail
  5861 | D:6      | Identified a +0 halberd
  5893 | D:6      | Identified a +0 spear
  5895 | D:6      | Identified a +0 whip
  5895 | D:6      | Identified a cursed +0 leather armour
  6048 | D:6      | Identified a +0 spear
  6051 | D:6      | Identified a +0 flail
  6052 | D:6      | Identified a +0 spear
  6090 | D:6      | Reached ***** piety under Trog
  6090 | D:6      | Received a gift from Trog
  6095 | D:6      | Identified a +4 vorpal executioner's axe (Trog gifted it to
                  | you on level 6 of the Dungeon)
  6116 | D:6      | Identified a +0 giant club
  6123 | D:6      | Reached skill level 9 in Fighting
  6123 | D:6      | Reached XP level 9. HP: 83/83 MP: 8/8
  6124 | D:6      | Identified a cursed -3 whip
  6124 | D:6      | Identified a +0 robe
  6163 | D:6      | Identified a +0 club
  6163 | D:6      | Identified a +0 dagger
  6163 | D:6      | Identified a +0 shortbow
  6163 | D:6      | Identified a +0 robe
  6164 | D:6      | Identified a +0 flail
  6164 | D:6      | Identified a +0 spear
  6164 | D:6      | Identified a +0 halberd
  6166 | D:6      | Identified a +0 flail
  6168 | D:6      | Reached skill level 12 in Axes
  6172 | D:6      | Identified a +0 spear
  6203 | D:6      | Identified a +0 halberd
  6203 | D:6      | Identified a +0 flail
  6205 | D:6      | Identified a +0 whip
  6205 | D:6      | Identified a +0 robe
  6524 | D:6      | Identified a +0 spear
  6748 | D:6      | Identified an amulet of the gourmand (You found it on level
                  | 4 of the Dungeon)
  6749 | D:6      | Identified an amulet of guardian spirit (You found it on
                  | level 6 of the Dungeon)
  6750 | D:6      | Identified an amulet of faith (You found it on level 6 of
                  | the Dungeon)
  6751 | D:6      | Identified an amulet of magic regeneration (You found it on
                  | level 6 of the Dungeon)
  6752 | D:6      | Identified a ring of intelligence (You found it on level 4
                  | of the Dungeon)
  6754 | D:6      | Identified a ring of wizardry (You found it on level 4 of
                  | the Dungeon)
  6764 | D:6      | Identified a potion of brilliance
  6765 | D:6      | Identified 2 potions of haste
  6766 | D:6      | Identified a potion of cancellation
  6767 | D:6      | Identified 2 potions of lignification
  6768 | D:6      | Identified a potion of stabbing
  6769 | D:6      | Identified a potion of invisibility
  6887 | D:7      | Found Masugiom's Antique Weapon Boutique.
  7436 | D:8      | Identified a +0 giant spiked club
  7601 | D:8      | Identified a +0 pair of boots (You found it on level 7 of
                  | the Dungeon)
  7606 | D:8      | Identified a +1 pair of gloves (You found it on level 8 of
                  | the Dungeon)
  7684 | D:8      | Reached skill level 13 in Axes
  7852 | D:8      | Found a burning altar of Makhleb.
  7885 | D:8      | Found a white marble altar of Elyvilon.
  7916 | D:8      | Reached skill level 10 in Fighting
  7954 | D:8      | Identified a +0 giant club
  8044 | D:8      | Killed an unseen horror
  8044 | D:8      | Reached skill level 3 in Armour
  8094 | D:8      | Identified a +0 giant club
  8100 | D:8      | Reached XP level 10. HP: 93/93 MP: 9/9
  8144 | D:8      | Identified 2 scrolls of enchant weapon
  8145 | D:8      | Identified 3 scrolls of immolation
  8146 | D:8      | Identified 4 scrolls of teleportation
  8147 | D:8      | Identified 3 scrolls of remove curse
  8148 | D:8      | Identified 2 scrolls of fear
  8149 | D:8      | Identified 2 scrolls of magic mapping
  8150 | D:8      | Identified 2 scrolls of enchant armour
  8208 | D:9      | Reached skill level 4 in Armour
  8225 | D:9      | Reached skill level 14 in Axes
  8373 | D:9      | Identified a +0 flail
  8373 | D:9      | Identified a +3 chain mail
  8373 | D:9      | Noticed Harold
  8381 | D:9      | Killed Harold
  8381 | D:9      | Reached skill level 5 in Armour
  8443 | D:9      | Received a gift from Trog
  8447 | D:9      | Identified a +2 battleaxe (Trog gifted it to you on level 9
                  | of the Dungeon)
  8467 | D:9      | Found a glowing golden altar of the Shining One.
  8480 | D:9      | Identified a +0 quarterstaff of draining
  8480 | D:9      | Identified a +0 hunting sling
  8480 | D:9      | Identified a +0 leather armour
  8480 | D:9      | Noticed Joseph
  8500 | D:9      | Killed Joseph
  8602 | D:9      | Found a snail-covered altar of Cheibriados.
  8604 | D:9      | Found a basalt altar of Yredelemnul.
  8604 | D:9      | Found a shimmering altar of Xom.
  8604 | D:9      | Found an ancient bone altar of Kikubaaqudgha.
  8626 | D:9      | Reached skill level 15 in Axes
  8626 | D:9      | Reached skill level 6 in Armour
  8682 | D:9      | Identified a +0 shortbow
  8785 | D:9      | Noticed Gastronok
  8796 | D:9      | Killed Gastronok
  8796 | D:9      | Reached skill level 7 in Armour
  8796 | D:9      | Reached XP level 11. HP: 99/99 MP: 10/10
  8809 | D:9      | drasked: ?? ponderous
  8809 | D:9      | meem: ponderousness[1/3]: Bad armour ego that adds 1 aut
                  | (0.1 turns) to {movement delay}. Bad.
  8809 | D:9      | beem: ponderousness[1/3]: Bad armour ego that adds 1 aut
                  | (0.1 turns) to {movement delay}. Bad.
  8874 | D:9      | Found a staircase to the Orcish Mines.
  8874 | D:9      | Identified a +2 battleaxe
  8874 | D:9      | Identified a +0 robe
  8874 | D:9      | Identified a cursed +2 spear
  8874 | D:9      | Identified a +0 robe
  8880 | D:9      | Identified a +4 battleaxe
  8880 | D:9      | Identified a +0 robe
  8880 | D:9      | Identified a +4 long sword
  8880 | D:9      | Identified a +0 robe
  8918 | D:9      | Identified a +2 hand axe of freezing
  8918 | D:9      | Identified a +0 robe
  8933 | D:9      | Identified a cursed +0 giant club
  9045 | D:9      | Reached skill level 16 in Axes
  9196 | D:9      | Identified a +0 giant club
  9375 | D:9      | Identified a cursed -2 short sword
  9455 | D:10     | Entered Level 10 of the Dungeon
  9464 | D:10     | Identified a +2 dagger of flaming
  9464 | D:10     | Identified a +0 robe
  9464 | D:10     | Noticed Nergalle
  9478 | D:10     | Killed Nergalle
  9478 | D:10     | Reached skill level 8 in Armour
  9529 | D:10     | Identified a +0 dagger
  9529 | D:10     | Identified a +0 robe
  9545 | D:10     | Identified a +0 club
  9545 | D:10     | Identified a cursed +0 leather armour
  9566 | D:10     | Identified a +0 cloak (You found it on level 10 of the
                  | Dungeon)
  9589 | D:10     | Found a staircase to the Lair.
  9786 | D:10     | Found a runed translucent gate.
  9787 | D:10     | Found a runed translucent gate.
  9788 | D:10     | Found a runed translucent gate.
  9790 | D:10     | Noticed Flugslaktarn's ghost (journeyman MiFi)
  9845 | D:10     | Identified a +0 shortbow
  9935 | D:10     | Identified a +0 trident
  9936 | D:10     | Identified a +0 falchion
  9936 | D:10     | Identified a +0 leather armour
  9936 | D:10     | Identified a +0 flail
  9936 | D:10     | Identified a +0 plate armour
  9939 | D:10     | Identified a +0 mace
 10155 | D:10     | Identified a +0 dire flail
 10155 | D:10     | Identified a +0 giant club
 10155 | D:10     | Noticed a two-headed ogre
 10167 | D:10     | Killed a two-headed ogre
 10416 | D:10     | Identified a +0 mace
 10416 | D:10     | Identified a +0 leather armour
 10416 | D:10     | Identified a +0 short sword
 10416 | D:10     | Identified a +0 club
 10423 | D:10     | Identified a +0 club
 10525 | D:10     | Identified a +0 giant club
 10738 | D:10     | HP: 21/99 [manticore (5)]
 11052 | D:10     | Reached skill level 9 in Armour
 11068 | D:10     | Identified a +1 short sword of distortion
 11068 | D:10     | Noticed Sonja
 11075 | D:10     | Killed Sonja
 11075 | D:10     | Reached skill level 17 in Axes
 11437 | D:10     | Identified 2 scrolls of fog
 11443 | D:10     | Identified a potion of resistance
 11523 | D:10     | Received a gift from Trog
 11534 | D:10     | Killed Flugslaktarn's ghost
 11716 | D:11     | You fall into a shaft and drop 3 floors!
 11749 | D:14     | Noticed a brown ugly thing
 11749 | D:14     | Noticed a brown ugly thing
 11749 | D:14     | Noticed a brown ugly thing
 11759 | D:14     | Killed a brown ugly thing
 11759 | D:14     | Reached skill level 10 in Armour
 11762 | D:14     | Killed a brown ugly thing
 11765 | D:14     | Killed a purple ugly thing
 11765 | D:14     | Reached skill level 18 in Axes
 11765 | D:14     | Reached XP level 12. HP: 63/106 MP: 11/11
 12303 | D:14     | Identified a +0 giant spiked club
 12303 | D:14     | Identified a +0 giant club
 12303 | D:14     | Noticed a two-headed ogre
 12310 | D:14     | Killed a two-headed ogre
 12459 | D:13     | Identified a +0 mace
 12459 | D:13     | Identified a +0 dagger
 12460 | D:13     | Identified a +0 dagger
 12460 | D:13     | Identified a +0 robe
 12460 | D:13     | Identified a +0 short sword
 12460 | D:13     | Identified a +0 whip
 12460 | D:13     | Identified a +0 halberd
 12460 | D:13     | Identified a +0 plate armour
 12461 | D:13     | Identified a +0 trident
 12463 | D:13     | Identified a +0 battleaxe
 12463 | D:13     | Identified a +0 plate armour
 12463 | D:13     | Identified a +0 dagger
 12463 | D:13     | Identified a cursed +0 robe
 12751 | D:13     | Found a gate to the Vaults.
 12751 | D:13     | Identified a +0 long sword
 12751 | D:13     | Identified a +0 chain mail
 12751 | D:13     | Identified a +0 kite shield
 12751 | D:13     | Noticed a vault guard
 12751 | D:13     | Identified a +2 great sword of flaming
 12751 | D:13     | Identified a +0 chain mail
 12751 | D:13     | Noticed a vault guard
 12751 | D:13     | Identified a +0 battleaxe
 12751 | D:13     | Identified a +0 plate armour
 12751 | D:13     | Noticed a vault guard
 12751 | D:13     | Identified a cursed -2 dagger
 12751 | D:13     | Identified a +0 robe
 12754 | D:13     | Identified a +0 dagger
 12754 | D:13     | Identified a +0 robe
 12775 | D:13     | Identified a +0 long sword
 12775 | D:13     | Identified a +0 plate armour
 12775 | D:13     | Noticed a vault guard
 12998 | D:13     | Identified a +0 giant spiked club
 13007 | D:13     | Identified a +0 giant club
 13008 | D:13     | Identified a +0 giant spiked club
 13014 | D:13     | Identified a +0 giant spiked club
 13028 | D:13     | Identified a +0 whip
 13028 | D:13     | Identified a +0 leather armour
 13040 | D:13     | Identified a +0 spear
 13042 | D:13     | Identified a +0 halberd
 13044 | D:13     | Identified a +0 spear
 13044 | D:13     | Identified a +0 flail
 13067 | D:13     | Identified a +0 shortbow
 13071 | D:13     | Identified a +0 scimitar
 13071 | D:13     | Identified a +0 plate armour
 13072 | D:13     | Identified a +0 dagger of electrocution
 13072 | D:13     | Identified a +0 robe
 13072 | D:13     | Identified a +0 shortbow
 13073 | D:13     | Identified a +0 morningstar
 13073 | D:13     | Identified a +0 leather armour
 13084 | D:13     | Identified a +0 dagger
 13084 | D:13     | Identified a +0 robe
 13085 | D:13     | Identified a +0 trident
 13085 | D:13     | Identified a +0 plate armour
 13117 | D:13     | Identified a +0 halberd
 13125 | D:13     | Identified a +0 whip
 13125 | D:13     | Identified a +0 leather armour
 13126 | D:13     | Identified a +0 spear of freezing
 13127 | D:13     | Identified a +0 whip
 13129 | D:13     | Identified a +0 flail
 13134 | D:13     | Reached skill level 11 in Armour
 13271 | D:13     | Identified a +0 giant club
 13271 | D:13     | Identified a +0 whip
 13271 | D:13     | Identified a cursed +0 robe
 13383 | D:13     | Identified a +0 hand axe
 13383 | D:13     | Identified a +0 robe
 13383 | D:13     | Identified a +0 hand axe
 13383 | D:13     | Identified a +0 leather armour
 13384 | D:13     | Identified a +0 hand axe
 13384 | D:13     | Identified a +0 leather armour
 13386 | D:13     | Identified a +0 mace
 13399 | D:13     | Killed a vault guard
 13399 | D:13     | Reached skill level 19 in Axes
 13465 | D:13     | Killed a vault guard
 13606 | D:13     | Identified a +0 shortbow
 13606 | D:13     | Noticed a centaur warrior
 13640 | D:13     | Killed a centaur warrior
 13825 | D:13     | Killed a vault guard
 14048 | D:13     | Received a gift from Trog
 14089 | D:12     | Noticed a six-headed hydra
 14098 | D:12     | Killed a ten-headed hydra
 14197 | D:12     | Reached skill level 12 in Armour
 14559 | D:11     | Reached XP level 13. HP: 113/113 MP: 12/12
 14593 | D:11     | Identified a -2 spear
 14593 | D:11     | Identified a +0 animal skin
 14593 | D:11     | Noticed Grum
 14602 | D:11     | Killed Grum
 15495 | D:12     | Reached skill level 20 in Axes
 15759 | D:12     | Identified a +0 whip
 15802 | D:12     | Identified a +0 dagger
 15802 | D:12     | Identified a cursed +0 robe
 15884 | D:12     | Identified a cursed -1 trident
 16170 | D:12     | Identified a +0 shortbow
 16340 | D:12     | Found Boaheulo's Jewellery Shop.
 16348 | D:12     | Bought a +2 ring of evasion for 120 gold pieces
 16539 | D:12     | Identified a +0 buckler
 16558 | D:12     | Reached skill level 13 in Armour
 16835 | D:12     | Identified a +0 shortbow
 17066 | D:13     | Identified a +0 shortbow
 17072 | D:13     | Received a gift from Trog
 17352 | D:13     | Identified a +2 mace of draining
 17352 | D:13     | Identified a +0 chain mail
 18301 | Lair:1   | Entered Level 1 of the Lair of Beasts
 18406 | Lair:1   | Found a radiant altar of Vehumet.
 18747 | Lair:1   | Reached skill level 21 in Axes
 19565 | Lair:1   | Reached skill level 11 in Fighting
 19933 | Lair:2   | Identified a +2 scimitar of flaming
 19933 | Lair:2   | Identified a +0 robe
 19933 | Lair:2   | Noticed Erica
 19985 | Lair:2   | Killed Erica
 20114 | Lair:2   | Reached XP level 14. HP: 78/124 MP: 13/13
 20346 | Lair:2   | Received a gift from Trog
 21160 | Lair:2   | Identified 3 potions of might
 21161 | Lair:2   | Identified a potion of berserk rage
 21162 | Lair:2   | Identified 2 scrolls of noise
 21163 | Lair:2   | Identified a scroll of brand weapon
 21164 | Lair:2   | Identified a scroll of amnesia
 21165 | Lair:2   | Identified a scroll of random uselessness
 21189 | Lair:3   | Reached skill level 14 in Armour
 21353 | Lair:3   | Noticed Prince Ribbit
 21365 | Lair:3   | Killed Prince Ribbit
 22037 | Lair:3   | Found a staircase to the Shoals.
 22750 | Lair:4   | Found a staircase to the Snake Pit.
 22750 | Lair:4   | Identified a +0 short sword
 23301 | Lair:5   | Reached skill level 12 in Fighting
 23528 | Lair:5   | Reached skill level 22 in Axes
 24380 | Lair:6   | Entered Level 6 of the Lair of Beasts
 24701 | Lair:6   | HP: 43/189 [spiny frog (11)]
 24701 | Lair:6   | HP: 18/189 [spiny frog (11)]
 24706 | Lair:6   | HP: 9/126 [poisoned by a spiny frog]
 24710 | Lair:6   | HP: 4/126 [poisoned by a spiny frog]
 24714 | Lair:5   | HP: 1/126 [poisoned by a spiny frog]
 24719 | Lair:5   | HP: 1/126 [poisoned by a spiny frog]
 24724 | Lair:5   | HP: 1/126 [poisoned by a spiny frog]
 24729 | Lair:5   | HP: 1/126 [poisoned by a spiny frog]
 25453 | Lair:6   | Found a viscous altar of Jiyva.
 25453 | Lair:6   | Found a staircase to the Slime Pits.
 26027 | Lair:6   | Received a gift from Trog
 26032 | Lair:6   | Identified a +5 battleaxe of flaming (Trog gifted it to you
                  | on level 6 of the Lair of Beasts)
 26552 | Lair:6   | Reached skill level 15 in Armour
 26563 | Lair:6   | Reached XP level 15. HP: 89/134 MP: 14/14
 27494 | Lair:6   | Identified a ring of poison resistance (You found it on
                  | level 6 of the Lair of Beasts)
 27503 | Lair:6   | Identified a scroll of silence
 27690 | Orc:1    | Entered Level 1 of the Orcish Mines
 27712 | Orc:1    | Identified a +0 scimitar
 27712 | Orc:1    | Identified a +0 plate armour
 27714 | Orc:1    | Identified a +0 long sword
 27714 | Orc:1    | Identified a +0 plate armour
 27715 | Orc:1    | Identified a +0 flail
 27715 | Orc:1    | Identified a +0 plate armour of positive energy
 27717 | Orc:1    | Identified a +0 trident
 27717 | Orc:1    | Identified a +0 plate armour
 27719 | Orc:1    | Identified a cursed -3 hand axe
 27719 | Orc:1    | Identified a +0 chain mail
 28000 | Orc:1    | Identified a +0 mace
 28000 | Orc:1    | Identified a +0 plate armour
 28000 | Orc:1    | Identified a +0 dagger
 28000 | Orc:1    | Identified a +0 robe
 28011 | Orc:1    | Identified a +0 flail
 28011 | Orc:1    | Identified a +0 leather armour
 28026 | Orc:1    | Identified a +0 dagger
 28026 | Orc:1    | Identified a +0 robe
 28026 | Orc:1    | Identified a +0 flail
 28026 | Orc:1    | Identified a +0 club
 28026 | Orc:1    | Identified a +0 leather armour
 28026 | Orc:1    | Identified a +0 flail
 28026 | Orc:1    | Identified a +0 leather armour
 28036 | Orc:1    | Identified a cursed -3 dagger
 28036 | Orc:1    | Identified a +0 robe
 28041 | Orc:1    | Identified a +0 scale mail
 28043 | Orc:1    | Identified a +0 dagger
 28043 | Orc:1    | Identified a +0 robe
 28274 | Orc:1    | Identified a +1 long sword
 28274 | Orc:1    | Identified a +0 scale mail
 28274 | Orc:1    | Noticed Urug
 28285 | Orc:1    | Killed Urug
 28285 | Orc:1    | Reached skill level 13 in Fighting
 28440 | Orc:1    | Identified a +0 troll leather armour
 28589 | Orc:2    | Entered Level 2 of the Orcish Mines
 28589 | Orc:2    | Found a staircase to the Elven Halls.
 28589 | Orc:2    | Identified a +0 hand axe
 28589 | Orc:2    | Identified a +0 chain mail
 28589 | Orc:2    | Identified a +0 hand axe
 28589 | Orc:2    | Identified a cursed +0 ring mail
 28589 | Orc:2    | Identified a +0 dagger
 28589 | Orc:2    | Identified a +0 robe
 28589 | Orc:2    | Identified a +0 giant club
 28590 | Orc:2    | Identified a +0 mace
 28590 | Orc:2    | Identified a +0 leather armour
 28592 | Orc:2    | Identified a +0 dagger
 28592 | Orc:2    | Identified a +2 robe of magic resistance
 28593 | Orc:2    | Identified a +2 great mace of protection
 28593 | Orc:2    | Identified a +0 ring mail
 28593 | Orc:2    | Noticed Rupert
 28594 | Orc:2    | Identified a +0 mace
 28594 | Orc:2    | Identified a +0 ring mail
 28597 | Orc:2    | Paralysed by an orc sorcerer for 6 turns
 28600 | Orc:2    | HP: 28/135 [ogre/+0 giant club (17)]
 28601 | Orc:2    | HP: 9/135 [sixfirhy[an orc sorcerer] (12)]
 28601 | Orc:2    | Slain by a sun demon

Table legend:
 A = Turns spent in this place as a percentage of turns spent in the entire game.
 B = Non-inter-level travel turns spent in this place as a percentage of non-inter-level travel turns spent in the entire game.
 C = Inter-level travel turns spent in this place as a percentage of turns spent in this place.
 D = Turns resting spent in this place as a percentage of non-inter-level travel turns spent in this place.
 E = Turns spent auto-exploring this place as a percentage of non-inter-level travel turns spent in this place.
 F = Non-inter-level travel turns spent in this place divided by the number of levels of this place that you've seen.
                   A       B       C       D       E      F
               +-------+-------+-------+-------+-------+----------------------
         Total | 100.0 | 100.0 |   3.4 |  36.0 |  45.3 | 1150.9
       Dungeon |  61.6 |  61.4 |   3.9 |  34.4 |  45.5 | 1210.6
          Lair |  32.6 |  32.9 |   2.6 |  39.8 |  45.5 | 1514.8
  Orcish Mines |   3.2 |   3.1 |   6.0 |  29.7 |  57.1 | 428.0
         Sewer |   0.7 |   0.7 |   0.0 |  12.7 |  51.0 | 204.0
       Ossuary |   1.8 |   1.9 |   0.0 |  41.8 |  16.0 | 524.0
               +-------+-------+-------+-------+-------+----------------------

Table legend:
 A = Kills in this place as a percentage of kills in entire the game.
 B = Kills by you in this place as a percentage of kills by you in the entire game.
 C = Kills by friends in this place as a percentage of kills by friends in the entire game.
 D = Other kills in this place as a percentage of other kills in the entire game.
 E = Experience gained in this place as a percentage of experience gained in the entire game.
 F = Experience gained in this place divided by the number of levels of this place that you have seen.
                   A       B       C       D       E      F
               +-------+-------+-------+-------+-------+----------------------
         Total | 100.0 | 100.0 |   N/A | 100.0 | 100.0 | 4548.7
       Dungeon |  64.2 |  64.3 |   N/A |   0.0 |  46.3 | 3611.1
          Lair |  29.2 |  29.1 |   N/A | 100.0 |  50.6 | 9204.7
  Orcish Mines |   3.7 |   3.7 |   N/A |   0.0 |   2.9 | 1575.5
         Sewer |   1.4 |   1.4 |   N/A |   0.0 |   0.1 | 121.0
       Ossuary |   1.5 |   1.5 |   N/A |   0.0 |   0.1 | 112.0
               +-------+-------+-------+-------+-------+----------------------

Skill      XL: |  1  2  3  4  5  6  7  8  9 10 11 12 13 14 15 |
---------------+----------------------------------------------+-----
Axes           | 4 5 6 7 8 9 11 13 15 18 19 21 22 | 22.8
Fighting       | 4 5 6 7 9 10 11 12 13 | 13.0
Armour         | 3 7 10 12 13 15 | 15.1
Dodging        | |  2.1

Action                   |  1- 3 |  4- 6 |  7- 9 | 10-12 | 13-15 || total
-------------------------+-------+-------+-------+-------+-------++-------
Melee: Hand axe          |    43 |   189 |   288 |       |       ||   520
       Headbutt          |     8 |    31 |    74 |    79 |   105 ||   297
       Executioner's axe |       |       |    81 |   360 |   640 ||  1081
Throw: Stone             |    11 |       |       |       |       ||    11
       Dart              |    44 |    46 |   137 |    97 |   350 ||   674
Invok: Berserk           |       |       |     1 |     7 |     7 ||    15
Evoke: Wand              |       |       |       |     2 |       ||     2
  Use: Scroll            |       |     5 |    10 |    10 |     7 ||    32
       Potion            |       |     1 |       |       |       ||     1
 Stab: Petrifying        |       |       |       |       |     1 ||     1
       Petrified         |       |       |       |       |     1 ||     1
  Eat: Chunk             |       |     6 |    23 |    41 |    53 ||   123
       Ration            |       |       |     1 |       |       ||     1
Armor: Animal skin       |     9 |       |       |       |       ||     9
       Chain mail        |     9 |    92 |   154 |   224 |   330 ||   809
Dodge: Dodged            |    19 |    59 |   143 |   165 |   320 ||   706

Vanquished Creatures
  Gastronok (D:9)
  The ghost of Flugslaktarn the Cleaver, a journeyman MiFi of Gozag (D:10)
  Harold (D:9)
  4 vault guards (D:13)
  9 hydras
  2 two-headed ogres
  A centaur warrior (D:13)
  3 catoblepae (Lair:6)
  Erica (Lair:2)
  6 death yaks (Lair:6)
  Urug (Orc:1)
  Nergalle (D:10)
  Sonja (D:10)
  An unseen horror (D:8)
  An orc knight (Orc:1)
  7 ugly things
  A cyclops (D:12)
  5 manticores
  3 centaur zombies
  4 black mambas
  11 elephants
  7 spiny frogs
  A gargoyle (D:13)
  Joseph (D:9)
  3 rime drakes
  A kobold demonologist (D:13)
  12 komodo dragons
  2 tengu conjurers (D:12)
  3 meliai (D:13)
  A polar bear (Lair:3)
  3 trolls
  Prince Ribbit (Lair:3)
  34 blink frogs
  A hornet (D:8)
  16 slime creatures
  12 hippogriffs
  2 shadows
  4 wraiths (D:10)
  2 wyverns
  45 yaks
  A basilisk (D:14)
  4 hungry ghosts
  A steam dragon (D:14)
  A naga (Lair:4)
  2 wargs (Orc:1)
  Grum (D:11)
  2 acid dragons (D:14)
  13 water moccasins
  7 porcupines
  A phantom (D:4)
  3 ice beasts
  13 orc warriors
  5 sky beasts
  A necrophage (D:9)
  An eye of draining (D:13)
  14 ogres
  14 wolves
  18 crocodiles
  9 centaurs
  2 big kobolds
  A wyvern zombie (D:6)
  17 bullfrogs
  A wyvern skeleton (D:14)
  5 scorpions
  9 killer bees
  5 wights (D:9)
  An electric eel (D:11)
  A howler monkey (D:5)
  2 bullfrog zombies
  5 crimson imps
  A centaur skeleton (D:5)
  3 jellies
  6 orc priests
  4 hounds
  A human zombie (Ossuary)
  11 orc wizards
  5 bullfrog skeletons
  6 gnoll shamans
  10 iguanas
  Natasha (D:4)
  10 worker ants
  2 killer bee zombies (D:10)
  A big kobold zombie (Ossuary)
  2 hound zombies
  A hound skeleton (D:4)
  3 mummies
  46 gnolls
  A howler monkey skeleton (D:4)
  9 adders
  A river rat (Sewer)
  2 shadow imps
  An adder zombie (D:5)
  An adder skeleton (D:8)
  3 worms
  5 dart slugs
  10 leopard geckos
  43 orcs
  5 bats
  5 giant cockroaches
  3 gnoll zombies (Ossuary)
  8 hobgoblins
  25 jackals
  2 quokkas (D:3)
  A ball python (D:7)
  5 frilled lizards
  8 goblins
  A goblin zombie (Ossuary)
  A jackal zombie (D:8)
  5 kobolds
  A leopard gecko zombie (D:3)
  2 orc zombies (Ossuary)
  A quokka zombie (D:6)
  11 rats
  12 fungi
  5 plants
666 creatures vanquished.

Vanquished Creatures (others)
  A yak (Lair:6)
  An orc wizard (D:13)
  A bush (D:12)
  5 fungi
  7 plants
  4 toadstools (D:6)
19 creatures vanquished.

Grand Total: 685 creatures vanquished
